[Event "Team 45 45 League T40"]
[Site "Internet Chess Club"]
[Date "2009.03.21"]
[Round "8"]
[White "Campagnolo"]
[Black "PUUNTUUPPAAJA"]
[Result "1-0"]
[WhiteElo "2089"]
[BlackElo "2027"]
[Opening "Sicilian: Najdorf, 7...Be7 main line"]
[ECO "B99"]
[Time "05:30:05"]
[TimeControl "2700+45"]

1. e4 c5 2. Nf3 d6 3. d4 cxd4 4. Nxd4 Nf6 5. Nc3 a6 6. Bg5 e6 7. f4 Be7 8. Qf3
Qc7 9. O-O-O Nbd7 10. Bd3 O-O 11. Rhe1 h6 12. Bh4 b5 13. Qg3 Nc5 14. e5 dxe5 15.
fxe5 Nh5 16. Qg4 Bxh4 17. Qxh4 g6 18. Be2 Qd8 19. Qxd8 Rxd8 20. Bxh5 gxh5 21. b4
Nd7 22. Nc6 Re8 23. Ne4 Bb7 24. Rxd7 Bxc6 25. Nf6+ Kf8 26. Rd6 Rec8 27. g3 a5
28. a3 axb4 29. axb4 Ra1+ 30. Kd2 Ra2 31. Re3 Bd5 32. Rc3 Bc4 33. Nd7+ Kg7 34.
Nb6 Rc7 35. Nxc4 bxc4 36. Rd4 Ra1 37. Rcxc4 Rb7 38. Kc3 Rh1 39. h4 Rg1 40. g4
Rg3+ 41. Kb2 Kg6 42. gxh5+ Kf5 43. Re4 Rb5 44. Rf4+ Kxe5 45. Rxf7 Kd5 46. Rfc7
e5 47. R7c5+ Rxc5 48. Rxc5+ Kd6 49. Rc3 Rg4 50. b5 Rxh4 51. b6 Rf4 52. b7 Rb4+
53. Rb3 Rxb3+ 54. Kxb3 Kc7 55. Kc4 {Black resigns} 1-0

[Event "Team 45 45 League T40"]
[Site "Internet Chess Club"]
[Date "2009.03.24"]
[Round "8"]
[White "shakkimestari"]
[Black "nosalt"]
[Result "0-1"]
[WhiteElo "2015"]
[BlackElo "2025"]
[Opening "Sicilian: Grand Prix attack"]
[ECO "B23"]
[Time "09:30:48"]
[TimeControl "2700+45"]

1. e4 c5 2. Nc3 Nc6 3. f4 e6 4. Nf3 d5 5. Bb5 Ne7 6. exd5 exd5 7. Qe2 Qd6 8. Ne5
Be6 9. O-O Nf5 10. Nxc6 bxc6 11. Ba4 Be7 12. d3 O-O 13. Qf2 Bf6 14. Ne2 Rfe8 15.
c3 d4 16. c4 Ne3 17. Bxe3 dxe3 18. Qf3 Bd7 19. Rab1 Rab8 20. b3 Qxd3 21. Rbd1
Qf5 22. h3 Bd4 23. Kh2 Qe4 24. Qg3 Rbd8 25. b4 Be6 26. Rc1 Bf6 27. Bc2 Qxc4 28.
Bxh7+ Kxh7 29. Rxc4 Bxc4 30. Qf3 cxb4 31. Re1 Bd5 32. Qh5+ Kg8 33. Ng3 Bc3 34.
Re2 Bc4 35. f5 Rd2 36. Qf3 Bd5 37. Qg4 Be5 38. f6 Bxf6 39. Qxb4 Rxe2 40. Nxe2
Bxa2 41. Qa4 Bd5 42. Qxa7 g6 43. Qa6 Kg7 44. Qd3 Re6 45. g3 Be7 46. Nf4 Re5 47.
Qd4 f6 48. Qd3 Bf7 49. Kg2 c5 50. Kf3 g5 51. Ne2 Bd5+ 52. Kg4 f5+ 53. Qxf5 Rxf5
54. Kxf5 Bf3 55. Ng1 Bd1 {White resigns} 0-1

[Event "Team 45 45 League T40"]
[Site "Internet Chess Club"]
[Date "2009.03.21"]
[Round "8"]
[White "dnmuscg"]
[Black "Speedy-Reedy"]
[Result "1-0"]
[WhiteElo "2004"]
[BlackElo "1935"]
[Opening "Pirc: Austrian attack, 6.Bd3"]
[ECO "B09"]
[Time "13:01:08"]
[TimeControl "2700+45"]

1. e4 d6 2. d4 Nf6 3. Nc3 g6 4. f4 Bg7 5. Nf3 O-O 6. Bd3 Na6 7. O-O c5 8. d5 Rb8
9. f5 gxf5 10. exf5 Nc7 11. Ng5 h6 12. Nge4 Nce8 13. Qe1 b5 14. Qg3 c4 15. Be2
Kh7 16. Rf4 b4 17. Rh4 bxc3 18. Bxh6 Qb6+ 19. Kh1 Kg8 20. Nxf6+ exf6 21. Bxg7
Nxg7 22. Qh3 Nh5 23. Rxh5 Qg1+ 24. Rxg1 {Black resigns} 1-0

[Event "Team 45 45 League T40"]
[Site "Internet Chess Club"]
[Date "2009.03.21"]
[Round "8"]
[White "shakkiipe"]
[Black "Budzo"]
[Result "1-0"]
[WhiteElo "1827"]
[BlackElo "1785"]
[Opening "QGD"]
[ECO "D52"]
[Time "14:00:08"]
[TimeControl "2700+45"]

1. d4 d5 2. c4 c6 3. Nf3 Nf6 4. Nc3 e6 5. Bg5 Nbd7 6. e3 Be7 7. Be2 O-O 8. O-O
dxc4 9. Bxc4 Nd5 10. Bxe7 Qxe7 11. e4 N5b6 12. Bb3 e5 13. Re1 exd4 14. Nxd4 Ne5
15. Nf5 Qf6 16. Qd6 Bxf5 17. Qxf6 gxf6 18. exf5 Rfe8 19. Ne4 Nbd7 20. Rad1 Red8
21. f4 Ng4 22. h3 Nh6 23. Rxd7 Rxd7 24. Nxf6+ Kg7 25. Nxd7 Nxf5 26. Re5 Nd4 27.
Rg5+ {Black resigns} 1-0

[Event "Team 45 45 League T40"]
[Site "Internet Chess Club"]
[Date "2009.03.19"]
[Round "8"]
[White "Ghashgork"]
[Black "nursey"]
[Result "1-0"]
[WhiteElo "1736"]
[BlackElo "1549"]
[Opening "Bird's opening: Lasker variation"]
[ECO "A03"]
[Time "16:01:17"]
[TimeControl "2700+45"]

1. f4 d5 2. Nf3 c5 3. e3 Nf6 4. b3 Bg4 5. Bb2 Nc6 6. Be2 e6 7. d3 Qa5+ 8. Nbd2
Be7 9. O-O O-O 10. h3 Bf5 11. Nh4 Rfe8 12. Ndf3 b5 13. g4 Bg6 14. Nxg6 hxg6 15.
g5 Nd7 16. h4 b4 17. Nh2 Rad8 18. h5 gxh5 19. Bxh5 Qc7 20. Bxf7+ Kxf7 21. Qh5+
Kg8 22. Rf3 Nf8 23. Rh3 e5 24. g6 Nxg6 25. Qxg6 Qd6 26. Qh7+ Kf8 27. Rf1 Bf6 28.
Ng4 exf4 29. Bxf6 gxf6 30. Qh8+ Kf7 31. Rh7+ Kg6 32. Qg7+ Kf5 33. Rxf4+ Qxf4 34.
exf4 Rd6 35. Rh5+ Kxf4 36. Qg6 Ree6 37. Qf5+ Kg3 38. Ne3 Rxe3 39. Rh3# {Black
checkmated} 1-0

[Event "Team 45 45 League T40"]
[Site "Internet Chess Club"]
[Date "2009.03.20"]
[Round "8"]
[White "vaknight"]
[Black "civilization"]
[Result "1/2-1/2"]
[WhiteElo "1669"]
[BlackElo "1610"]
[Opening "Bird's opening"]
[ECO "A03"]
[Time "21:01:07"]
[TimeControl "2700+45"]

1. f4 d5 2. Nf3 Nf6 3. e3 g6 4. b3 Bg7 5. Bb2 O-O 6. Be2 Bf5 7. O-O c5 8. d3 Nc6
9. Nbd2 Ng4 10. Qc1 Nxe3 11. Re1 d4 12. Nc4 Nxc4 13. bxc4 e5 14. fxe5 Nxe5 15.
Nxe5 Bxe5 16. Bf3 Qc7 17. g3 Bxg3 18. hxg3 Qxg3+ 19. Bg2 Bh3 20. Qd2 Rfe8 21.
Qf2 Qxg2+ 22. Qxg2 Bxg2 23. Kxg2 Kf8 24. Rad1 Rxe1 25. Rxe1 Re8 26. Rxe8+ Kxe8
27. Bc1 Ke7 28. Kf3 Ke6 29. Bf4 f6 30. Bb8 a6 31. a4 h5 32. Bc7 Kd7 33. Bb6 Kd6
34. Bd8 Ke6 35. Ke4 g5 36. Bb6 f5+ 37. Kf3 Kd6 38. Bd8 g4+ 39. Kf4 Kc6 40. Bh4
b5 41. cxb5+ axb5 42. axb5+ Kxb5 43. Kxf5 Kb4 44. Be1+ Ka3 45. c4 dxc3 46. Bxc3
Kb3 47. Be5 c4 48. dxc4 Kxc4 49. Bg3 Kd4 50. Kg5 Ke4 51. Kxh5 Kf3 {Game drawn by
mutual agreement} 1/2-1/2

[Event "Team 45 45 League T40"]
[Site "Internet Chess Club"]
[Date "2009.03.22"]
[Round "8"]
[White "knight2f3"]
[Black "rayonline53"]
[Result "0-1"]
[WhiteElo "1468"]
[BlackElo "1547"]
[Opening "Old Benoni defense"]
[ECO "A43"]
[Time "14:12:10"]
[TimeControl "2700+45"]

1. d4 c5 2. d5 d6 3. c4 b5 4. e4 g6 5. Nd2 Bg7 6. Qc2 Nf6 7. Bd3 O-O 8. Ne2 Nbd7
9. O-O Ne5 10. Rb1 Nxd3 11. Qxd3 bxc4 12. Nxc4 Ba6 13. Qc2 Qc7 14. b3 Rfb8 15.
Bb2 Nd7 16. Bxg7 Kxg7 17. Qc3+ Kg8 18. f4 Rb4 19. Nc1 Bxc4 20. a3 Bxf1 21. axb4
Bb5 22. Ra1 a6 23. Kf2 Rc8 24. bxc5 Nxc5 25. Kf3 Nd7 26. Qxc7 Rxc7 27. Ne2 Bxe2+
28. Kxe2 Nb8 29. Kd3 Kg7 30. Ra4 Kf6 31. Rc4 Rxc4 32. Kxc4 Nd7 33. Kb4 Nc5 34.
h3 a5+ 35. Ka3 Nxe4 36. Ka4 Nc5+ 37. Kxa5 Nxb3+ 38. Kb6 Nd4 39. Kc7 Ne2 40. f5
Nf4 41. fxg6 hxg6 42. Kc6 Nxg2 43. Kb5 g5 44. Kc4 Nf4 45. Kd4 Nxh3 46. Ke4 Nf4
47. Kf3 Ke5 {White resigns} 0-1

[Event "Team 45 45 League T40"]
[Site "Internet Chess Club"]
[Date "2009.03.21"]
[Round "8"]
[White "SeniorCitizen"]
[Black "badmove"]
[Result "0-1"]
[WhiteElo "1351"]
[BlackElo "1592"]
[Opening "Four knights: Rubinstein counter-gambit"]
[ECO "C48"]
[Time "16:01:44"]
[TimeControl "2700+45"]

1. e4 Nf6 2. Nc3 e5 3. Nf3 Nc6 4. Bb5 Nd4 5. d3 Nxb5 6. Nxb5 c6 7. Nc3 d6 8. Bg5
Be7 9. Qd2 h6 10. Bh4 Qb6 11. Na4 Qc7 12. O-O Bd7 13. Nc3 g5 14. Bg3 Nh5 15. h4
Nxg3 16. fxg3 gxh4 17. Nxh4 Bxh4 18. gxh4 Be6 19. b3 Qe7 20. g3 O-O-O 21. Kh2
Rdf8 22. Rf2 f5 23. exf5 Bxf5 24. Raf1 Bg4 25. Qe3 Kb8 26. d4 Rxf2+ 27. Rxf2 Rf8
28. Rxf8+ Qxf8 29. dxe5 Qe7 30. Qf4 Qxe5 31. Qxg4 Qxc3 32. Qd1 Qe5 33. Qd2 Qe6
34. c4 Kc7 35. Qc2 Qf7 36. Kg2 b5 37. cxb5 Qd5+ 38. Kh3 Qxb5 39. Qh7+ Kb6 40.
Qxh6 Qf1+ 41. Kg4 Qe2+ 42. Kh3 Qxa2 43. Qxd6 Qxb3 44. Qd4+ c5 45. Qd6+ Kb5 46.
Qb8+ Kc4 47. Qxa7 Kd4 48. Qd7+ Kc3 49. Qg7+ Kc2 50. h5 Qf3 51. Qg6+ Kb3 52. h6
Qh1+ 53. Kg4 Qd1+ 54. Kf5 Qd3+ 55. Kf6 Qd6+ 56. Kf7 Qd7+ 57. Kg8 Qd8+ 58. Kg7
Qd4+ 59. Kh7 c4 60. Qb6+ Qxb6 {White resigns} 0-1

[Event "Team 45 45 League T40"]
[Site "Internet Chess Club"]
[Date "2009.03.21"]
[Round "8"]
[White "Portola"]
[Black "Razorbackchess"]
[Result "1/2-1/2"]
[WhiteElo "1679"]
[BlackElo "1793"]
[Opening "King's Indian: East Indian defense"]
[ECO "A48"]
[Time "21:09:06"]
[TimeControl "2700+45"]

1. d4 Nf6 2. Nf3 g6 3. Nc3 d5 4. Bf4 c6 5. h3 Bg7 6. e3 O-O 7. Bd3 Nbd7 8. O-O
e6 9. e4 dxe4 10. Nxe4 Nxe4 11. Bxe4 Qb6 12. Rb1 Nf6 13. Bd3 Nd5 14. Bd6 Re8 15.
c3 Qd8 16. Bg3 Bh6 17. Ne5 Qf6 18. Ng4 Qg7 19. Qf3 f5 20. Ne5 Bg5 21. Rfe1 Bf6
22. a3 g5 23. Qh5 Rf8 24. Bh2 Bxe5 25. Bxe5 Nf6 26. Qe2 Qh6 27. Bxf6 Qxf6 28.
Bc4 Re8 29. Qe5 Kf7 30. Re2 Qxe5 31. Rxe5 Kf6 32. Rbe1 Bd7 33. Bd3 h5 34. g3
Rac8 35. b4 b5 36. f3 a6 37. Kg2 Rcd8 38. Ra1 Ra8 39. c4 Rab8 40. c5 Ra8 41. Bc2
a5 42. bxa5 Rxa5 43. Re3 Rea8 44. Kf2 Re8 45. Rae1 Rea8 46. Ra1 Re8 {Game drawn
by mutual agreement} 1/2-1/2

[Event "Team 45 45 League T40"]
[Site "Internet Chess Club"]
[Date "2009.03.22"]
[Round "8"]
[White "sean98"]
[Black "lisof"]
[Result "0-1"]
[WhiteElo "1644"]
[BlackElo "1873"]
[Opening "Petrov: Nimzovich attack"]
[ECO "C42"]
[Time "17:30:08"]
[TimeControl "2700+45"]

1. e4 e5 2. Nf3 Nf6 3. Nxe5 d6 4. Nf3 Nxe4 5. Nc3 Nf6 6. d3 d5 7. Bg5 Be7 8. Bf4
O-O 9. Qd2 d4 10. Nb5 Nd5 11. O-O-O Bb4 12. c3 dxc3 13. bxc3 Ba5 14. Be5 Nc6 15.
Qc2 Nxe5 16. Nxe5 a6 17. Na3 Qg5+ {White resigns} 0-1

[Event "Team 45 45 League T40"]
[Site "Internet Chess Club"]
[Date "2009.03.21"]
[Round "8"]
[White "Emrebey"]
[Black "kingphisch"]
[Result "1-0"]
[WhiteElo "1595"]
[BlackElo "1562"]
[Opening "Caro-Kann: Tartakower (fantasy) variation"]
[ECO "B12"]
[Time "13:02:09"]
[TimeControl "2700+45"]

1. e4 c6 2. d4 d5 3. f3 dxe4 4. fxe4 Nf6 5. e5 Nd5 6. Nf3 Bg4 7. h3 Bh5 8. g4
Bg6 9. Bd3 e6 10. Bg5 Be7 11. Qd2 Bxd3 12. Bxe7 Qxe7 13. Qxd3 Qb4+ 14. Kf2 Nd7
15. Qb3 N7b6 16. Qxb4 Nxb4 17. Na3 Ke7 18. Rhd1 Rhd8 19. c3 N4d5 20. Kg3 Ne3 21.
Rd3 Nec4 22. Nxc4 Nxc4 23. b3 Nb6 24. Rf1 h6 25. Nd2 Rac8 26. Rdf3 Rf8 27. Ne4
Nd5 28. Nd6 Rc7 29. c4 Nb4 30. Rxf7+ Rxf7 31. Rxf7+ Kd8 32. Rxc7 Kxc7 33. Ne8+
Kd7 34. Nxg7 Nxa2 35. Nh5 Nc1 36. Nf6+ Ke7 37. d5 cxd5 38. cxd5 exd5 39. Nxd5+
Ke6 40. Nc7+ Kxe5 41. Nb5 a6 42. Nc3 Nxb3 43. Kh4 Nd4 44. Kh5 b5 45. Kxh6 b4 46.
Na4 Ne6 47. g5 Kf5 48. h4 Kg4 49. g6 Kxh4 50. Nc5 b3 51. Nxb3 Kg4 52. Nc5 Nd4
53. Kh7 Nf5 54. Nxa6 Kg5 55. Nc5 Kf6 56. Ne4+ Ke5 57. Ng3 Ne7 58. g7 Kf6 59.
Ne4+ Kf7 60. Nd6+ Ke6 61. Nc8 Nd5 62. g8=Q+ Ke5 63. Qg5+ Kd4 64. Ne7 Ne3 65.
Nf5+ {Black resigns} 1-0

[Event "Team 45 45 League T40"]
[Site "Internet Chess Club"]
[Date "2009.03.23"]
[Round "8"]
[White "twintower"]
[Black "g8wrb"]
[Result "0-1"]
[WhiteElo "1422"]
[BlackElo "1482"]
[Opening "French: King's Indian attack"]
[ECO "C00"]
[Time "16:01:04"]
[TimeControl "2700+45"]

1. e4 e6 2. d3 d5 3. Nd2 Nf6 4. exd5 exd5 5. g3 Bd6 6. Bg2 O-O 7. Ne2 Bg4 8. O-O
Re8 9. Re1 c6 10. Nf3 Nbd7 11. c3 Qb6 12. Qc2 Re7 13. d4 Rae8 14. Be3 {White
resigns} 0-1

[Event "Team 45 45 League T40"]
[Site "Internet Chess Club"]
[Date "2009.03.23"]
[Round "8"]
[White "mongmong"]
[Black "musk6868"]
[Result "0-1"]
[WhiteElo "1572"]
[BlackElo "1721"]
[Opening "Queen's pawn game"]
[ECO "D04"]
[Time "19:30:13"]
[TimeControl "2700+45"]

1. d4 d5 2. Nf3 Nf6 3. e3 Nbd7 4. Bd3 e6 5. Nbd2 c5 6. c3 Bd6 7. O-O O-O 8. Re1
Re8 9. e4 dxe4 10. Nxe4 Nxe4 11. Bxe4 cxd4 12. Nxd4 Nf6 13. Bg5 h6 14. Bh4 Be7
15. Bc2 Nd5 16. Bxe7 Qxe7 17. Qe2 Bd7 18. Qe4 Nf6 19. Qe3 Qc5 20. Nb3 Qxe3 21.
Rxe3 b6 22. Rd1 Bc6 23. h3 Rad8 24. Red3 Rc8 25. Nd4 Bb7 26. R3d2 a6 27. Ne2 Nd5
28. Nc1 g6 29. Nd3 Kg7 30. Bb3 b5 31. Bxd5 Bxd5 32. Nb4 Bc4 33. Nxa6 Bxa2 34.
Ra1 Bc4 35. Nb4 Kf6 36. Rd7 Red8 37. Raa7 Rf8 38. Na6 Ra8 39. Nb4 Rxa7 40. Rxa7
Rd8 41. Nc6 Rd1+ 42. Kh2 Rd2 43. f3 Bf1 44. Nd4 Rxg2+ 45. Kh1 Rxb2 46. Rb7 Bc4
47. Kg1 Rb1+ 48. Kf2 Rc1 49. Nxb5 Rb1 50. Nd6 Rxb7 51. Nxb7 Ke5 52. Ke3 g5 53.
Nd8 Kf6 54. Nb7 e5 55. Nd6 Bf1 56. Ne4+ Ke7 57. Nf2 f5 58. Kd2 Kd6 59. Ke1 Bc4
60. Nd1 e4 61. fxe4 f4 62. Nb2 Be6 63. h4 g4 64. Nd1 Ke5 65. Nf2 Bc8 66. Kd2 g3
67. Nd3+ Kxe4 {White resigns} 0-1

[Event "Team 45 45 League T40"]
[Site "Internet Chess Club"]
[Date "2009.03.21"]
[Round "8"]
[White "AlterEgo"]
[Black "Andressa"]
[Result "0-1"]
[WhiteElo "1505"]
[BlackElo "1540"]
[Opening "Queen's gambit declined"]
[ECO "D30"]
[Time "18:00:53"]
[TimeControl "2700+45"]

1. d4 d5 2. c4 e6 3. Nf3 Nf6 4. Qc2 Bb4+ 5. Bd2 c5 6. a3 Bxd2+ 7. Nbxd2 cxd4 8.
cxd5 Nxd5 9. Nxd4 Nf6 10. e3 a6 11. Bd3 O-O 12. O-O g6 13. Rfd1 e5 14. N4f3 Re8
15. Nc4 e4 16. Bxe4 Qe7 17. Bd3 Bg4 18. Ncd2 Nc6 19. Rac1 Ne5 20. Be2 Rad8 21.
Qc5 Nxf3+ 22. Nxf3 Rxd1+ 23. Bxd1 Qe4 24. Qd6 Qe7 25. Qxe7 Rxe7 26. h3 Be6 27.
Nd4 Bd5 28. Bf3 Bxf3 29. Nxf3 Ne4 30. Kf1 Kg7 31. Ke2 Rd7 32. Rc4 Nf6 33. a4 Rd5
34. Nd4 Nd7 35. b3 Nc5 36. Rb4 h5 37. Rb6 Rg5 38. g3 Re5 39. f4 Re7 40. f5 Ne4
41. g4 hxg4 42. hxg4 Nc3+ 43. Kf3 Nd5 44. f6+ Nxf6 45. e4 Nxe4 46. b4 Nd2+ 47.
Kf4 {White resigns} 0-1

[Event "Team 45 45 League T40"]
[Site "Internet Chess Club"]
[Date "2009.03.22"]
[Round "8"]
[White "ElMarginal"]
[Black "ticopatzer"]
[Result "1/2-1/2"]
[WhiteElo "1435"]
[BlackElo "1510"]
[Opening "Sicilian defense"]
[ECO "B30"]
[Time "22:00:16"]
[TimeControl "2700+45"]

1. e4 c5 2. Nf3 Nc6 3. Bc4 e6 4. Nc3 Nge7 5. O-O d5 6. exd5 exd5 7. Be2 d4 8.
Ne4 Ng6 9. Re1 Be7 10. Bb5 O-O 11. d3 Bg4 12. Bxc6 bxc6 13. h3 Be6 14. Nfg5 Bd5
15. Nf3 f5 16. Ng3 Qc7 17. Bd2 Bd6 18. Ne2 Bxf3 19. gxf3 Nh4 20. Kh1 Nxf3 21.
Rf1 Rae8 22. Ng1 Nxd2 23. Qxd2 Bf4 24. Qd1 Qd6 25. Qf3 Re6 26. Rfe1 Rh6 27. Re2
Bh2 28. Rae1 Rg6 29. c3 a5 30. cxd4 cxd4 31. Rc2 c5 32. Ne2 Re8 33. a3 a4 34.
Rc4 Rge6 35. Rxa4 Qb8 36. Qg2 Bd6 37. Rg1 g6 38. Qd5 Kh8 39. Ng3 Qxb2 40. Ra6
Qb8 41. a4 Qd8 {Game drawn by mutual agreement} 1/2-1/2

[Event "Team 45 45 League T40"]
[Site "Internet Chess Club"]
[Date "2009.03.22"]
[Round "8"]
[White "C-Jones"]
[Black "lmadueno"]
[Result "1-0"]
[WhiteElo "1623"]
[BlackElo "1587"]
[Opening "Philidor's defense"]
[ECO "C41"]
[Time "11:00:28"]
[TimeControl "2700+45"]

1. e4 e5 2. Nf3 d6 3. h3 Be7 4. Bc4 Nf6 5. Nc3 c6 6. a4 a5 7. d4 Nbd7 8. O-O O-O
9. Qe2 Qc7 10. dxe5 dxe5 11. Bg5 h6 12. Bd2 Rd8 13. Rfd1 Bb4 14. Na2 Bc5 15. Nc3
Nb6 16. Bb3 Qe7 17. Be3 Nbd7 18. Bxc5 Qxc5 19. Qc4 Qe7 20. Nh4 Ne8 21. Nf5 Qf6
22. Rd3 Rb8 23. Rad1 Nc7 24. Nd6 Nf8 25. Qxf7+ Qxf7 26. Nxf7 Rxd3 27. Nxe5+ Be6
28. Bxe6+ Nfxe6 29. Rxd3 Nc5 30. Rd1 Re8 31. f4 N7e6 32. g3 Ng5 33. fxg5 Rxe5
34. gxh6 gxh6 35. Re1 Kf7 36. Kg2 Kf6 37. Kf3 Ne6 38. Ke3 h5 39. Re2 Rg5 40.
Rf2+ Ke5 41. Rg2 Nc5 42. g4 b6 43. Kf3 Ne6 44. Rd2 Nd4+ 45. Kg3 Rg7 46. Rf2 b5
47. axb5 cxb5 48. Nxb5 Nxb5 49. Rf5+ Kxe4 50. Rxb5 hxg4 51. hxg4 Rc7 52. c3 a4
53. Rb4+ Kd3 54. Rxa4 Kc2 55. Rb4 Rd7 56. g5 Re7 57. Kg4 Re1 58. g6 Rg1+ 59. Kf5
Rf1+ 60. Rf4 Rg1 61. Rb4 Rf1+ 62. Kg5 Rg1+ 63. Kf6 Rf1+ 64. Kg7 Kd3 65. Kg8 Rg1
66. g7 Rg2 67. Rb6 Kc4 68. Kh7 Kc5 69. Rh6 {Black resigns} 1-0

[Event "Team 45 45 League T40"]
[Site "Internet Chess Club"]
[Date "2009.03.19"]
[Round "8"]
[White "Juan73"]
[Black "BotanicalKnight"]
[Result "0-1"]
[WhiteElo "1512"]
[BlackElo "1615"]
[Opening "Caro-Kann defense"]
[ECO "B10"]
[Time "21:00:14"]
[TimeControl "2700+45"]

1. e4 c6 2. Nf3 d5 3. exd5 cxd5 4. d4 Nc6 5. Bb5 a6 6. Ba4 b5 7. Bb3 Bg4 8. h3
Bh5 9. g4 Bg6 10. Ne5 Nxe5 11. dxe5 e6 12. f4 Qh4+ 13. Kf1 Bc5 14. Qe1 Qxe1+ 15.
Kxe1 Be4 16. Rh2 Bg1 17. Re2 Bf3 18. Rd2 Be3 19. f5 Bxd2+ 20. Bxd2 Bg2 21. h4
Bh3 22. fxe6 fxe6 23. g5 Ne7 24. a4 O-O 25. axb5 axb5 26. Rxa8 Rxa8 27. Nc3 Ra1+
28. Ke2 Nf5 29. Nxb5 Bf1+ 30. Kf3 Bxb5 31. h5 Nd4+ 32. Ke3 Nxb3 33. cxb3 Rh1 34.
Kd4 Rd1 35. Kc3 Kf7 36. Kc2 Rf1 37. Kc3 Rf5 38. Kd4 Ke7 39. Kc5 Be2 40. b4 Bxh5
41. b5 Bf3 42. Kd4 Kd7 43. Bb4 Rxg5 44. Bd6 Kc8 45. b6 Kb7 46. Kc5 h5 47. Be7
Rg2 48. b4 Bg4 49. Bf8 g5 50. Be7 Bf5 51. Bd8 h4 52. Kd4 h3 {White resigns} 0-1

[Event "Team 45 45 League T40"]
[Site "Internet Chess Club"]
[Date "2009.03.22"]
[Round "8"]
[White "noblitz-oblige"]
[Black "Kravier"]
[Result "0-1"]
[WhiteElo "1599"]
[BlackElo "1587"]
[Opening "Sicilian: Taimanov variation"]
[ECO "B49"]
[Time "21:02:03"]
[TimeControl "2700+45"]

1. e4 c5 2. Nf3 a6 3. d4 cxd4 4. Nxd4 Nc6 5. Nc3 e6 6. Be2 Qc7 7. Be3 Nf6 8. O-O
Bb4 9. f3 O-O 10. Qd2 d5 11. Nxc6 bxc6 12. Bg5 Nd7 13. Rad1 d4 14. Nb5 Qb6
{White resigns} 0-1

[Event "Team 45 45 League T40"]
[Site "Internet Chess Club"]
[Date "2009.03.21"]
[Round "8"]
[White "Sapienza"]
[Black "PostMike"]
[Result "1-0"]
[WhiteElo "1616"]
[BlackElo "1556"]
[Opening "Sicilian defense"]
[ECO "B48"]
[Time "14:01:29"]
[TimeControl "2700+45"]

1. e4 c5 2. Nf3 e6 3. d4 cxd4 4. Nxd4 Nc6 5. Be3 a6 6. Nc3 Qc7 7. Qd2 Nf6 8. f3
Bb4 9. a3 Bd6 10. f4 e5 11. Nf5 Bf8 12. Na4 Nxe4 13. Qd3 Nd6 14. Bb6 Qb8 15.
fxe5 Nxf5 16. Qxf5 Qxe5+ 17. Qxe5+ Nxe5 18. O-O-O Be7 19. g3 O-O 20. Nc3 Re8 21.
Nd5 Bg5+ 22. Kb1 Bd8 23. Nc7 Bxc7 24. Bxc7 b5 25. Re1 f6 26. Bg2 Ra7 27. Bb6 Bb7
28. Bxa7 Bxg2 29. Rhg1 Bc6 30. Bd4 Kf7 31. Rgf1 Nf3 32. Rxe8 Kxe8 33. Be3 Kf7
34. Rf2 g5 35. h3 h5 36. Kc1 g4 37. hxg4 hxg4 38. Bc5 Ke6 39. Re2+ Kf5 40. Bd6
Ng5 41. Bf4 Be4 42. Bxg5 fxg5 43. Kd2 d5 44. Kc3 a5 45. Kd4 b4 46. axb4 axb4 47.
Rh2 Ke6 48. Rh6+ Kd7 49. Rb6 Bxc2 50. Rxb4 Be4 51. Rb6 Kc7 52. Rh6 Bf3 53. Rg6
Be4 54. Rxg5 Bf3 55. Rxd5 Kc6 56. Rg5 Bd1 57. b4 Be2 58. Ke3 Bd1 59. Kf4 Be2 60.
Rxg4 Kb5 61. Kg5 Bd3 62. Rf4 Bc2 63. Kh6 Bb3 64. g4 {Black resigns} 1-0

[Event "Team 45 45 League T40"]
[Site "Internet Chess Club"]
[Date "2009.03.22"]
[Round "8"]
[White "arconia"]
[Black "Check101"]
[Result "0-1"]
[WhiteElo "1385"]
[BlackElo "1257"]
[Opening "Petrov's defense"]
[ECO "C42"]
[Time "13:33:39"]
[TimeControl "2700+45"]

1. e4 e5 2. Nf3 Nf6 3. d3 Nc6 4. Be2 Bc5 5. O-O d6 6. h3 Be6 7. Nh2 Qd7 8. a3 d5
9. Nc3 O-O-O 10. b4 Bb6 11. Na4 dxe4 12. Nxb6+ axb6 13. Bd2 Nd4 14. a4 Nxe2+ 15.
Qxe2 Qc6 16. Rfc1 Rhe8 17. b5 exd3 18. cxd3 Qd5 19. Nf3 Bf5 20. a5 Bxd3 21. Qe1
Bxb5 22. axb6 Bc6 23. Ra8+ Kd7 24. Rd1 Ke6 25. Ng5+ Kf5 26. f3 Rxa8 27. g4+ Kg6
28. Qg3 h6 29. h4 hxg5 30. hxg5 Qxf3 31. Qxf3 Bxf3 32. bxc7 Bxd1 33. gxf6 Kxf6
34. g5+ Kg6 35. Kf2 e4 36. Kg3 e3 {White resigns} 0-1

[Event "Team 45 45 League T40"]
[Site "Internet Chess Club"]
[Date "2009.03.20"]
[Round "8"]
[White "Fourclub"]
[Black "kidcobra"]
[Result "0-1"]
[WhiteElo "1482"]
[BlackElo "1604"]
[Opening "Three knights game"]
[ECO "C46"]
[Time "16:04:08"]
[TimeControl "2700+45"]

1. e4 e5 2. Nf3 Nc6 3. Nc3 Bb4 4. Nd5 Ba5 5. Bc4 d6 6. c3 Nf6 7. d3 Nxd5 8. exd5
Ne7 9. d4 exd4 10. Qa4+ c6 11. dxc6 Nxc6 12. Nxd4 Bd7 13. Bb5 Nxd4 14. Bxd7+
Qxd7 15. Qxd4 O-O 16. O-O Bb6 17. Qd5 Rfe8 18. Bf4 Re6 19. Rfe1 Rae8 20. Rxe6
Rxe6 21. Rd1 Qe7 22. g3 Re1+ 23. Rxe1 Qxe1+ 24. Kg2 Qxf2+ 25. Kh3 Qf1+ 26. Kg4
Qe2+ 27. Kh3 Bg1 28. Qxb7 Qxh2+ 29. Kg4 h5+ 30. Kf3 Qh1+ {White resigns} 0-1

[Event "Team 45 45 League T40"]
[Site "Internet Chess Club"]
[Date "2009.03.21"]
[Round "8"]
[White "xlxe5"]
[Black "theartist"]
[Result "1-0"]
[WhiteElo "1400"]
[BlackElo "1144"]
[Opening "Colle system"]
[ECO "D05"]
[Time "19:01:31"]
[TimeControl "2700+45"]

1. d4 Nf6 2. Nf3 e6 3. e3 d5 4. Bd3 c5 5. c3 Nbd7 6. Qe2 Be7 7. Nbd2 O-O 8. O-O
b6 9. e4 dxe4 10. Nxe4 Bb7 11. Nxf6+ Nxf6 12. Bd2 Re8 13. Rfe1 Rc8 14. Rad1 Qc7
15. Bc1 h6 16. dxc5 Bxc5 17. Ne5 Re7 18. Bf4 Bd6 19. Ba6 Bxa6 20. Qxa6 Bc5 21.
Ng6 Qb7 22. Nxe7+ Qxe7 23. Qxc8+ Qe8 {Black resigns} 1-0

[Event "Team 45 45 League T40"]
[Site "Internet Chess Club"]
[Date "2009.03.24"]
[Round "8"]
[White "tcianciola"]
[Black "bowwrestler"]
[Result "0-1"]
[WhiteElo "1105"]
[BlackElo "1053"]
[Opening "Scandinavian: Pytel-Wade variation"]
[ECO "B01"]
[Time "10:01:23"]
[TimeControl "2700+45"]

1. e4 d5 2. exd5 Qxd5 3. Nc3 Qd6 4. Nf3 Nf6 5. Bc4 a6 6. Ng5 e6 7. O-O b5 8. Bd3
Bb7 9. Nce4 Qe5 10. Re1 Nbd7 11. Nxf6+ Qxf6 12. Qg4 Ne5 13. Ne4 Nxg4 14. Nxf6+
Nxf6 15. b3 g6 16. Bb2 Bg7 17. h3 Nh5 18. c3 Nf4 19. Be4 Bxe4 20. Rxe4 Nd3 21.
Ba3 c5 22. Rb1 Rb8 23. Re3 Ne5 24. Bxc5 a5 25. Bd6 Rd8 26. Bxe5 Bxe5 27. Rxe5
Rxd2 28. Rxb5 Rxa2 29. Rb8+ Kd7 30. Rg8 Rxg8 {White resigns} 0-1

[Event "Team 45 45 League T40"]
[Site "Internet Chess Club"]
[Date "2009.03.21"]
[Round "8"]
[White "cobbler"]
[Black "mumu"]
[Result "0-1"]
[WhiteElo "1132"]
[BlackElo "1320"]
[Opening "Queen's pawn: stonewall attack"]
[ECO "D00"]
[Time "17:00:43"]
[TimeControl "2700+45"]

1. d4 d5 2. e3 Nf6 3. Bd3 Bg4 4. Nf3 e6 5. O-O c5 6. c3 Nc6 7. Nbd2 c4 8. Bc2
Qc7 9. e4 O-O-O 10. e5 Nd7 11. b3 cxb3 12. Nxb3 f6 13. Nc5 Nxc5 14. dxc5 Bxc5
15. Be3 Bxe3 16. fxe3 Nxe5 17. Qd4 Kb8 18. Nxe5 Qxe5 19. Qxg4 Qxe3+ 20. Rf2 Qxc3
21. Qxg7 Qxa1+ 22. Rf1 Qd4+ 23. Rf2 Rhf8 24. Bxh7 Qb6 25. g3 Qc7 26. Qxc7+ Kxc7
27. Bc2 Rd7 28. Bb3 Rg7 29. Re2 Kd6 30. Kg2 f5 31. h4 f4 32. Rf2 Rxg3+ 33. Kh2
Rg7 34. Bd1 e5 35. Kh3 Rg3+ 36. Kh2 Rg7 37. h5 e4 38. Kh3 f3 39. Kh4 Rg2 40. Rf1
f2 41. Be2 Ke5 42. Kh3 Rg1 43. Kh2 Rg7 44. Kh3 d4 45. Bg4 d3 46. Kg3 e3 47. Kh3
e2 {White resigns} 0-1